 Dungeon Crawl Stone Soup version 0.21.1-1-g345015f (webtiles) character file.

745 tidbits the Charmwright (level 7, 0/56 HPs)
             Began as a Gnoll Skald on June 18, 2018.
             Slain by a howler monkey (4 damage)
             ... on level 6 of the Dungeon.
             The game lasted 00:09:13 (742 turns).

tidbits the Charmwright (Gnoll Skald)                Turns: 742, Time: 00:09:14

Health: 0/56       AC:  3    Str: 16    XL:     7   Next: 76%
Magic:  3/15       EV: 14    Int: 17    God:
Gold:   122        SH:  0    Dex: 14    Spells: 6/17 levels left

rFire    . . .     SeeInvis .   a - +0 war axe
rCold    . . .     Gourm    .   (no shield)
rNeg     . . .     Faith    .   j - +0 leather armour
rPois    .         Spirit   .   (no helmet)
rElec    .         Reflect  .   (no cloak)
rCorr    .         Harm     .   (no gloves)
MR       .....     Rnd*Tele +   (no boots)
Stlth    ++........             (no amulet)
HPRegen  0.18/turn              t - ring of teleportation (curse)
MPRegen  0.14/turn              v - +2 ring of strength

@: no status effects
A: distributed training, fangs 1, strong nose
a: no special abilities


You were on level 6 of the Dungeon.
You were not hungry.

You visited 1 branch of the dungeon, and saw 7 of its levels.

You collected 122 gold pieces.

Inventory:

Hand Weapons
 a - a +0 war axe (weapon)
 b - a +0 dagger
 n - a +0 flail
 w - a +0 hand axe
Missiles
 k - 4 tomahawks
 l - 2 poisoned javelins
 o - 3 tomahawks of returning (quivered)
 x - 5 silver tomahawks
Armour
 h - a +0 shield
 i - a +0 ring mail
 j - a +0 leather armour (worn)
 p - a +0 ring mail
Jewellery
 t - a cursed ring of teleportation (left hand)
   (You found it on level 5 of the Dungeon)
 v - a +2 ring of strength (right hand)
   (You found it on level 6 of the Dungeon)
Scrolls
 e - a scroll of fog {unknown}
 m - a scroll of enchant armour {unknown}
 q - a scroll of teleportation
 r - a scroll of amnesia
 s - a scroll of immolation
 u - a scroll of fear
Potions
 z - a potion of resistance {unknown}
Books
 d - a book of Battle

   Spells                             Type                      Level
   a - Infusion                       Charms                       1
   b - Shroud of Golubria             Charms/Translocation         2
   c - Song of Slaying                Charms                       2
   d - Spectral Weapon                Hexes/Charms                 3
   e - Regeneration                   Charms/Necromancy            3
Comestibles
 c - 5 rations


   Skills:
 + Level 5.3 Fighting
 + Level 2.6 Short Blades
 + Level 2.6 Long Blades
 + Level 5.3 Axes
 + Level 2.6 Maces & Flails
 + Level 2.6 Polearms
 + Level 2.6 Staves
 + Level 2.6 Slings
 + Level 2.6 Bows
 + Level 2.6 Crossbows
 + Level 2.6 Throwing
 + Level 3.7 Armour
 + Level 5.3 Dodging
 + Level 2.6 Stealth
 + Level 2.6 Shields
 + Level 2.6 Unarmed Combat
 + Level 5.7 Spellcasting
 + Level 2.1 Conjurations
 + Level 2.1 Hexes
 + Level 5.9 Charms
 + Level 2.1 Summonings
 + Level 2.1 Necromancy
 + Level 2.1 Translocations
 + Level 2.1 Transmutations
 + Level 2.1 Fire Magic
 + Level 2.1 Ice Magic
 + Level 2.1 Air Magic
 + Level 2.1 Earth Magic
 + Level 2.1 Poison Magic
 + Level 2.9 Invocations
 + Level 2.6 Evocations


You had 6 spell levels left.
You knew the following spells:

 Your Spells              Type           Power        Failure   Level  Hunger
g - Shroud of Golubria    Chrm/Tloc      ###.......   4%          2    #......
i - Infusion              Chrm           ###.         1%          1    None
r - Regeneration          Chrm/Necr      ###.......   9%          3    ##.....
w - Spectral Weapon       Hex/Chrm       ###.....     9%          3    ##.....
y - Song of Slaying       Chrm           ###.....     1%          2    #......


Dungeon Overview and Level Annotations

Branches:
Dungeon (7/15)
 Temple: D:4-7

Altars:
Nemelex Xobeh
The Shining One


Innate Abilities, Weirdness & Mutations

Your experience applies equally to all skills.
You have very sharp teeth.
Your uncanny sense of smell can sniff out nearby items.


Message History

Your spectral weapon closely misses the bullfrog.
The bullfrog hits you.
* * * LOW HITPOINT WARNING * * *
The bullfrog hits you but does no damage.
You closely miss the bullfrog.
The bullfrog is severely wounded.
Your spectral weapon hits the bullfrog!
You kill the bullfrog!
Found 14 gold pieces.
Found a sparkling altar of Nemelex Xobeh.
You see here a fizzy inky potion.
z - a fizzy inky potion An orc comes into view.
It is wielding a dagger.
You hit the orc but do no damage.
Your spectral weapon hits the orc.
The orc hits your spectral weapon with a dagger.
Your spectral weapon shares its damage with you!
* * * LOW HITPOINT WARNING * * *
The orc hits your spectral weapon with a dagger.
You slash the orc!
You kill the orc!
Your spectral weapon fades away.
You see here 14 gold pieces.
You now have 122 gold pieces (gained 14).
There is a fountain of sparkling water here.
There is a sparkling altar of Nemelex Xobeh here.
Found 10 gold pieces.
There is a fountain of sparkling water here.
Things that are here:
a dagger; a scale mail; an orc corpse You butcher the orc corpse.
There is a fountain of sparkling water here.
Things that are here:
a dagger; a scale mail; 3 chunks of flesh Eat one of 3 chunks of flesh? (ye/n/q)
You eat one of the 3 chunks of flesh.
This raw flesh tastes terrible.
You see here a ration.
c - 5 rations (gained 1)
You are suddenly yanked towards some nearby monsters!
Your surroundings suddenly seem different.
An orc comes into view. It is wielding a hand axe.
The orc shouts!
An orc warrior comes into view. It is wielding a dire flail.
The orc warrior shouts!
You hear a howl!
An orc comes into view. It is wielding a trident.
The orc shouts!
Found a black potion.
An orc priest and a howler monkey come into view.
The orc priest is wielding a hand axe of distortion.
Okay, then.
Unknown command.
You aren't carrying any items that you can evoke.
Unknown command.
Unknown command.
Press: ? - help, v - describe, . - travel, g - get item
Here: an orc priest, wielding a hand axe of distortion and wearing a leather armour A black potion.
The floor.
Unknown command.
You aren't carrying any items that you can evoke.
Unknown command.
Casting: Spectral Weapon
Confirm with . or Enter, or press ? or * to list all spells.
You draw out your weapon's spirit!
The orc warrior hits you with a dire flail!!
* * * LOW HITPOINT WARNING * * *
You feel much better. The howler monkey misses you.
The orc hits you but does no damage. The orc warrior misses you.
The orc priest calls down the wrath of Beogh upon you.
You struggle to resist.
Unknown command.
You slash the orc!
You kill the orc!
You hit the howler monkey. You hit the orc warrior. You hit the orc priest.
The howler monkey misses you. The orc warrior closely misses you.
The orc priest looks encouraged for a moment.
The howler monkey barely misses you.
You slash the orc priest!
You kill the orc priest!
You hit the howler monkey. You slash the orc warrior!
The orc warrior barely misses you. The howler monkey misses you.
You barely miss the howler monkey. You bite the howler monkey.
The howler monkey is severely wounded.
You hit the orc but do no damage.
You hit the orc warrior but do no damage.
Your spectral weapon barely misses the howler monkey.
The howler monkey hoots and howls with incredible vigour!
The orc hits you with a hand axe!
* * * LOW HITPOINT WARNING * * *
The orc warrior hits you with a dire flail!!
* * * LOW HITPOINT WARNING * * *
You hear a shout!
You hear an angry growl.
You hear a shout! x3
It was a potion of curing.
You feel better. The howler monkey barely misses you.
The orc hits your spectral weapon with a club.
Your spectral weapon shares its damage with you!
* * * LOW HITPOINT WARNING * * *
The orc hits you with a hand axe.
* * * LOW HITPOINT WARNING * * *
The orc warrior barely misses you. The howler monkey hits you.
You die...

##. #................
..................
...[..###.......... .
..###... ....#..... ..
####...## ###.......
...##.......# #.......
........... . ##.#....
#.....()o##.... ........
#....oh@o!...# #.#.....
##....###....# ##.......
..... ........##.... #.
...# ..###[###.... ..
.#.# .o...#....##.... ..
#.## #....#....##..>.
.##..## #....#....#.....
.....####....#....#.##..
r.
...................####


You could see an orc warrior, a howler monkey, 2 orcs and a friendly spectral
war axe.

Vanquished Creatures
  Prince Ribbit (D:6)
  Menkaure (D:6)
  An orc warrior (D:6)
  A bullfrog (D:6)
  A scorpion (D:5)
  A hound (D:4)
  2 orc priests
  2 centaur skeletons
  Jessica (D:2)
  2 adders
  A shadow imp (D:5)
  An ooze (D:3)
  A worm (D:6)
  2 dart slugs
  9 orcs
  3 goblins
  2 hobgoblins
  10 jackals
  A kobold (D:2)
  2 bats (D:2)
45 creatures vanquished.

Notes
Turn   | Place    | Note
-------+----------+-------------------------------------------
     0 | D:1      | tidbits the Gnoll Skald began the quest for the Orb.
     0 | D:1      | Reached XP level 1. HP: 20/20 MP: 6/6
   105 | D:1      | You fall through a shaft!
   135 | D:2      | Found a glowing golden altar of the Shining One.
   170 | D:2      | Reached XP level 2. HP: 26/26 MP: 3/7
   174 | D:2      | Learned a level 2 spell: Song of Slaying
   177 | D:2      | Learned a level 2 spell: Shroud of Golubria
   182 | D:2      | Noticed Jessica
   187 | D:2      | Killed Jessica
   187 | D:2      | Reached skill level 5 in Spellcasting
   187 | D:2      | Reached XP level 3. HP: 29/31 MP: 2/9
   263 | D:3      | Reached skill level 1 in Invocations
   270 | D:3      | Reached skill level 1 in Short Blades
   270 | D:3      | Reached skill level 1 in Long Blades
   270 | D:3      | Reached skill level 1 in Maces & Flails
   270 | D:3      | Reached skill level 1 in Polearms
   270 | D:3      | Reached skill level 1 in Staves
   270 | D:3      | Reached skill level 1 in Slings
   270 | D:3      | Reached skill level 1 in Bows
   270 | D:3      | Reached skill level 1 in Crossbows
   270 | D:3      | Reached skill level 1 in Throwing
   270 | D:3      | Reached skill level 1 in Stealth
   270 | D:3      | Reached skill level 1 in Shields
   270 | D:3      | Reached skill level 1 in Unarmed Combat
   270 | D:3      | Reached skill level 1 in Evocations
   270 | D:3      | Reached XP level 4. HP: 36/38 MP: 6/11
   275 | D:3      | Learned a level 3 spell: Regeneration
   279 | D:3      | Learned a level 3 spell: Spectral Weapon
   335 | D:4      | Reached skill level 1 in Conjurations
   335 | D:4      | Reached skill level 1 in Hexes
   335 | D:4      | Reached skill level 1 in Summonings
   335 | D:4      | Reached skill level 1 in Necromancy
   335 | D:4      | Reached skill level 1 in Translocations
   335 | D:4      | Reached skill level 1 in Transmutations
   335 | D:4      | Reached skill level 1 in Fire Magic
   335 | D:4      | Reached skill level 1 in Ice Magic
   335 | D:4      | Reached skill level 1 in Air Magic
   335 | D:4      | Reached skill level 1 in Earth Magic
   335 | D:4      | Reached skill level 1 in Poison Magic
   339 | D:4      | Reached XP level 5. HP: 32/43 MP: 5/12
   510 | D:5      | Entered Level 5 of the Dungeon
   526 | D:5      | Reached skill level 3 in Armour
   611 | D:6      | Noticed Prince Ribbit
   622 | D:6      | Noticed an orc warrior
   630 | D:6      | Reached XP level 6. HP: 9/50 MP: 5/13
   632 | D:6      | Killed an orc warrior
   632 | D:6      | Reached skill level 5 in Fighting
   632 | D:6      | Reached skill level 2 in Short Blades
   632 | D:6      | Reached skill level 2 in Long Blades
   632 | D:6      | Reached skill level 5 in Axes
   632 | D:6      | Reached skill level 2 in Maces & Flails
   632 | D:6      | Reached skill level 2 in Polearms
   632 | D:6      | Reached skill level 2 in Staves
   632 | D:6      | Reached skill level 2 in Slings
   632 | D:6      | Reached skill level 2 in Bows
   632 | D:6      | Reached skill level 2 in Crossbows
   632 | D:6      | Reached skill level 2 in Throwing
   632 | D:6      | Reached skill level 5 in Dodging
   632 | D:6      | Reached skill level 2 in Stealth
   632 | D:6      | Reached skill level 2 in Shields
   632 | D:6      | Reached skill level 2 in Unarmed Combat
   632 | D:6      | Reached skill level 2 in Invocations
   632 | D:6      | Reached skill level 2 in Evocations
   634 | D:6      | Noticed Menkaure
   644 | D:6      | Killed Menkaure
   644 | D:6      | Reached XP level 7. HP: 33/56 MP: 6/15
   675 | D:6      | Killed Prince Ribbit
   675 | D:6      | Reached skill level 2 in Conjurations
   675 | D:6      | Reached skill level 2 in Hexes
   675 | D:6      | Reached skill level 2 in Summonings
   675 | D:6      | Reached skill level 2 in Necromancy
   675 | D:6      | Reached skill level 2 in Translocations
   675 | D:6      | Reached skill level 2 in Transmutations
   675 | D:6      | Reached skill level 2 in Fire Magic
   675 | D:6      | Reached skill level 2 in Ice Magic
   675 | D:6      | Reached skill level 2 in Air Magic
   675 | D:6      | Reached skill level 2 in Earth Magic
   675 | D:6      | Reached skill level 2 in Poison Magic
   709 | D:6      | Found a sparkling altar of Nemelex Xobeh.
   737 | D:6      | HP: 3/56 [orc warrior/dire flail (26)]
   741 | D:6      | HP: 1/56 [orc warrior/dire flail (19)]
   742 | D:6      | Slain by a howler monkey

Skill      XL: |  1  2  3  4  5  6  7 |
---------------+----------------------+-----
Spellcasting   | 5 |  5.7
Invocations    | 1 2 |  2.9
Short Blades   | 1 2 |  2.6
Long Blades    | 1 2 |  2.6
Maces & Flails | 1 2 |  2.6
Polearms       | 1 2 |  2.6
Staves         | 1 2 |  2.6
Slings         | 1 2 |  2.6
Bows           | 1 2 |  2.6
Crossbows      | 1 2 |  2.6
Throwing       | 1 2 |  2.6
Stealth        | 1 2 |  2.6
Shields        | 1 2 |  2.6
Unarmed Combat | 1 2 |  2.6
Evocations     | 1 2 |  2.6
Conjurations   | 1 2 |  2.1
Hexes          | 1 2 |  2.1
Summonings     | 1 2 |  2.1
Necromancy     | 1 2 |  2.1
Translocations | 1 2 |  2.1
Transmutations | 1 2 |  2.1
Fire Magic     | 1 2 |  2.1
Ice Magic      | 1 2 |  2.1
Air Magic      | 1 2 |  2.1
Earth Magic    | 1 2 |  2.1
Poison Magic   | 1 2 |  2.1
Armour         | 3 |  3.7
Fighting       | 5 |  5.3
Axes           | 5 |  5.3
Dodging        | 5 |  5.3
Charms         | |  5.9

Action                   |  1- 3 |  4- 6 |  7- 9 || total
-------------------------+-------+-------+-------++-------
Melee: Hand axe          |    21 |    43 |       ||    64
       Bite              |       |     3 |     3 ||     6
       Dagger            |       |     2 |     3 ||     5
       War axe           |       |       |    17 ||    17
       Punch             |       |       |     1 ||     1
Throw: Tomahawk          |     3 |     1 |     1 ||     5
 Cast: Infusion          |     5 |     1 |       ||     6
       Shroud of Golubri |     1 |       |       ||     1
       Spectral Weapon   |       |     4 |     4 ||     8
       Song of Slaying   |       |     4 |       ||     4
       Regeneration      |       |     2 |     1 ||     3
Evoke: Wand              |       |     3 |     5 ||     8
  Use: Scroll            |       |     4 |       ||     4
       Potion            |       |     1 |     2 ||     3
 Stab: Sleeping          |       |     1 |       ||     1
       Paralysed         |       |     5 |     3 ||     8
  Eat: Chunk             |       |       |     1 ||     1
Armor: Leather armour    |     3 |    10 |     4 ||    17
Dodge: Dodged            |    16 |    52 |    18 ||    86

Table legend:
 A = Turns spent in this place as a percentage of turns spent in the entire game.
 B = Non-inter-level travel turns spent in this place as a percentage of non-inter-level travel turns spent in the entire game.
 C = Inter-level travel turns spent in this place as a percentage of turns spent in this place.
 D = Turns resting spent in this place as a percentage of non-inter-level travel turns spent in this place.
 E = Turns spent auto-exploring this place as a percentage of non-inter-level travel turns spent in this place.
 F = Non-inter-level travel turns spent in this place divided by the number of levels of this place that you've seen.
                   A       B       C       D       E      F
               +-------+-------+-------+-------+-------+----------------------
         Total | 100.0 | 100.0 |   0.0 |   0.0 |   0.0 | 106.0
       Dungeon | 100.0 | 100.0 |   0.0 |   0.0 |   0.0 | 106.0
               +-------+-------+-------+-------+-------+----------------------

Table legend:
 A = Kills in this place as a percentage of kills in entire the game.
 B = Kills by you in this place as a percentage of kills by you in the entire game.
 C = Kills by friends in this place as a percentage of kills by friends in the entire game.
 D = Other kills in this place as a percentage of other kills in the entire game.
 E = Experience gained in this place as a percentage of experience gained in the entire game.
 F = Experience gained in this place divided by the number of levels of this place that you have seen.
                   A       B       C       D       E      F
               +-------+-------+-------+-------+-------+----------------------
         Total | 100.0 | 100.0 |   N/A |   N/A | 100.0 | 152.1
       Dungeon | 100.0 | 100.0 |   N/A |   N/A | 100.0 | 152.1
               +-------+-------+-------+-------+-------+----------------------

Vault maps used:
D:1:      dpeg_arrival_oval, hangedman_decor_push, minmay_tetromino_l4
D:2:      lemuel_crystal_altar, uniq_jessica
D:3:      uniq_ijyb, uniq_robin
D:4:      uniq_edmund, uniq_duvessa
D:5:      cheibrodos_thug_alley, nicolae_ru_awakened_eye, temple_fountains,
          first_ration, eino_small_chamber_without_monster
D:6:      nemelex_xobeh_ov_fountains_minmay, lemuel_crystal_altar,
          trog_ov_bears_minmay, uniq_pikel, uniq_menkaure, uniq_prince_ribbit1
D:7:      nicolae_dithmenos_through_a_glass_darkly, serial_shops, shop
